 Dungeon Crawl Stone Soup version 0.30-a0-757-ga6a79fd877 (webtiles) character file.

Game seed: 16395804239205789863

82 Newt the Shooter (level 4, 0/31 HPs)
             Began as a Kobold Hunter on Feb 9, 2023.
             Slain by a goblin
             ... wielding a +0 dagger
             ... led by Robin
              (5 damage)
             ... on level 2 of the Dungeon.
             The game lasted 00:01:14 (1241 turns).

Newt the Shooter (Kobold Hunter)                    Turns: 1241, Time: 00:01:15

Health: 0/31       AC:  3    Str:  8    XL:     4   Next: 70%
Magic:  4/4        EV: 14    Int: 10    God:
Gold:   157        SH:  0    Dex: 20    Spells: 3/3 levels left

rFire   . . .      SeeInvis .    a - +1 shortbow
rCold   . . .      Faith    .    (shield currently unavailable)
rNeg    . . .      Spirit   .    c - +0 leather armour
rPois   .          Reflect  .    (no helmet)
rElec   .          Harm     .    (no cloak)
rCorr   .          Rampage  .    (no gloves)
Will    .....                    (no boots)
Stlth   +++                      (no amulet)
HPRegen 0.25/turn                (no ring)
MPRegen 0.09/turn                (no ring)

@: no status effects
A: small, no large weapons, nightstalker 3
a: no special abilities


You were on level 2 of the Dungeon.
You visited 1 branch of the dungeon, and saw 2 of its levels.

You collected 157 gold pieces.

Inventory:

Hand Weapons
 a - a +1 shortbow (weapon)
Armour
 c - a +0 leather armour (worn)
Scrolls
 b - a scroll of immolation
 g - a scroll of blinking
 h - a scroll of teleportation {unknown}
Potions
 d - a potion of haste
 e - a potion of flight
 f - a potion of might {unknown}


   Skills:
 - Level 5.0 Fighting
 + Level 5.3 Ranged Weapons
 - Level 2.4 Dodging
 - Level 1.3 Stealth


You had 3 spell levels left.
You didn't know any spells.
Your spell library contained the following spells:

 Spells                   Type           Power      Damage    Failure   Level
 Gell's Gravitas          Tloc           0%         N/A       86%         3
 Teleport Other           Tloc           0%         N/A       86%         3
 Dispersal                Tloc           0%         N/A       100%        6


Dungeon Overview and Level Annotations

Branches:
Dungeon (2/15)

Altars:


Innate Abilities, Weirdness & Mutations

You are small and have problems with some larger weapons.
You are completely attuned to the shadows.


Message History

You climb downwards.
Level annotation: Robin The goblin unwields a +0 sling.
The goblin wields a +0 club.
The goblin hits you but does no damage.
There is a stone staircase leading up here.
You shoot an arrow. The arrow hits the goblin!
You kill the goblin!
You hear an angry hiss.
A hobgoblin comes into view.
Robin roars a battlecry!
The goblins go into a battle-frenzy!
The goblin barely misses you.
You shoot an arrow. The arrow hits Robin.
Robin is lightly wounded.
Robin throws the goblin at you! The goblin barely misses you.
You shoot an arrow. The arrow hits Robin!
Robin is severely wounded.
Robin zaps a wand.
The puff of flame hits you! The goblin hits you with a +0 dagger.
You shoot an arrow. The arrow barely misses Robin.
Robin barely misses you. The hobgoblin barely misses you.
The goblin misses you.
You shoot an arrow. The arrow hits Robin!
You kill Robin!
The goblin misses you. The hobgoblin closely misses you.
The hobgoblin hits you. The goblin hits you with a +0 dagger.
Training target 5.0 for Fighting reached!
Your Fighting skill increases to level 5!
You need to enable at least one skill for training.
You shoot an arrow. The arrow closely misses the hobgoblin.
The goblin misses you. The hobgoblin misses you.
You shoot an arrow. The arrow closely misses the hobgoblin.
The goblin barely misses you. The hobgoblin barely misses you.
You shoot an arrow. The arrow hits the hobgoblin.
The hobgoblin is severely wounded.
The goblin barely misses you. The hobgoblin hits you.
* * * LOW HITPOINT WARNING * * *
You shoot an arrow. The arrow hits the hobgoblin.
You kill the hobgoblin!
The goblin hits you with a +0 dagger.
You die...

.)......#
#.####..#
#..#####
#..(...#
##.###.#
#.# #.#
#.# #.#
#.# #g#
#@#####
####))....
.....#####
.....))g.
###.#####
#. #.


You could see a goblin (strong).

Vanquished Creatures
  Robin (D:2)
  3 adders (D:2)
  2 worms (D:2)
  2 ball pythons
  2 endoplasms
  A giant cockroach (D:1)
  5 hobgoblins
  2 quokkas (D:1)
  7 bats
  A frilled lizard (D:2)
  11 goblins
  2 kobolds
39 creatures vanquished.

Notes
Turn   | Place    | Note
-------+----------+-------------------------------------------
     0 | D:1      | Newt the Kobold Hunter began the quest for the Orb.
     0 | D:1      | Reached XP level 1. HP: 12/12 MP: 1/1
   146 | D:1      | Reached XP level 2. HP: 18/18 MP: 2/2
   499 | D:2      | Reached XP level 3. HP: 20/23 MP: 3/3
   828 | D:2      | Found a faded altar of an unknown god.
   959 | D:2      | Reached XP level 4. HP: 27/30 MP: 4/4
  1089 | D:2      | Noticed Robin
  1237 | D:2      | Killed Robin
  1238 | D:2      | Reached skill level 5 in Fighting
  1241 | D:2      | Slain by a goblin

Illustrated notes

Levels and vault maps discovered:
D:1:      scummos_arrival_forest, layout_rooms
D:2:      layout_loops_ring, hellmonk_ecumenical_altar_zigzags, uniq_robin

Skill      XL: |  1  2  3  4 |
---------------+-------------+-----
Fighting       | 3 4 5 |  5.0
Ranged Weapons | |  5.3
Dodging        | |  2.4
Stealth        | |  1.3

Action                     |  1- 3 |  4- 6 || total
---------------------------+-------+-------++-------
   Fire: Shortbow          |    72 |    27 ||    99
    Use: Scroll            |     5 |       ||     5
 Armour: Leather armour    |     5 |     5 ||    10
  Dodge: Dodged            |    30 |    27 ||    57

Table legend: (Time is in decaauts)
 A = Elapsed time spent in this place.
 B = Non-inter-level travel time spent in this place.
 C = Inter-level travel time spent in this place.
 D = Time resting spent in this place.
 E = Time spent auto-exploring this place.
 F = Levels seen in this place.
 G = Mean time per level.
                   A        B        C        D        E       F      G
               +--------+--------+--------+--------+--------+-----+--------+
         Total |   1271 |   1247 |     24 |    125 |    935 |   2 |  635.5 |
       Dungeon |   1271 |   1247 |     24 |    125 |    935 |   2 |  635.5 |
               +--------+--------+--------+--------+--------+-----+--------+

Top non-repeatable levels by time:
     D:2: 648 daAuts
     D:1: 622 daAuts
